 Dungeon Crawl Stone Soup version 0.31.0-11-ge490571c62 (webtiles) character file.

Game seed: 18410351642420991159

346 Arctor the Magician (level 6, -15/48 HPs)
             Began as a Deep Elf Fire Elementalist on Feb 1, 2024.
             Demolished by Edmund
             ... wielding a +3 heavy flail
              (16 damage)
             ... on level 4 of the Dungeon.
             The game lasted 00:02:41 (3888 turns).

Arctor the Magician (Deep Elf Fire Elementalist)    Turns: 3888, Time: 00:02:42

Health: -15/48     AC:  3    Str:  5    XL:     6   Next: 32%
Magic:  1/15       EV: 18    Int: 22    God:
Gold:   65         SH:  0    Dex: 15    Spells: 11/14 levels left

rFire   + . .        (no weapon)
rCold   . . .        (no shield)
rNeg    + . .        a - +0 robe
rPois   .            l - +0 helmet
rElec   .            (no cloak)
rCorr   .            (no gloves)
SInv    .            (no boots)
Will    +....        g - amulet of the acrobat Stlth
                     d - +5 ring of evasion
HPRegen 0.28/turn    p - ring of positive energy
MPRegen 0.14/turn

%: acrobat
@: berserking, enlightened, flying, invisible, very quick
A: fire resistance 1, wild magic 1
a: no special abilities


You were on level 4 of the Dungeon.
You visited 1 branch of the dungeon, and saw 4 of its levels.

You collected 65 gold pieces.

Inventory:

Armour
 a - a +0 robe (worn)
 l - a +0 helmet (worn)
Magical Staves
 e - a staff of alchemy
Jewellery
 d - a +5 ring of evasion (left hand)
 g - an amulet of the acrobat (around neck)
 p - a ring of positive energy (right hand)
Scrolls
 b - a scroll of teleportation {unknown}
 c - a scroll of amnesia {unknown}
 h - a scroll of fear
 k - a scroll of immolation {unknown}
 o - a scroll of enchant weapon {unknown}
Potions
 n - 2 potions of curing {unknown}


   Skills:
 + Level 4.1 Dodging
 + Level 4.4 Stealth
 + Level 4.6 Spellcasting
 + Level 3.3 Conjurations
 + Level 4.6 Fire Magic


You had 11 spell levels left.
You knew the following spells:

 Your Spells              Type           Power      Damage    Failure   Level
a - Foxfire               Conj/Fire      100%       2x1d9     3%          1
b - Scorch                Fire           66%        2d7       4%          2

Your spell library contained the following spells:

 Spells                   Type           Power      Damage    Failure   Level
 Necrotise                Necr           24%        1d5       16%         1
 Inner Flame              Hex/Fire       19%        N/A       17%         3
 Volatile Blastmotes      Fire/Tloc      38%        2d13      17%         3
 Flame Wave               Conj/Fire      29%        2d9       28%         4
 Vampiric Draining        Necr           6%         2d6       38%         3
 Martyr's Knell           Necr/Summ      6%         N/A       78%         4
 Curse of Agony           Necr           6%         N/A       98%         5


Dungeon Overview and Level Annotations

Branches:
Dungeon (4/15)
 Temple: D:4-7

Altars:

Shops:
D:1 (

Annotations:
D:4 Edmund


Innate Abilities, Weirdness & Mutations

Your flesh is heat resistant. (rF+)
Your spells are a little harder to cast, but a little more powerful.


Message History

It was a potion of berserk rage.
A red film seems to cover your vision as you go berserk!
You feel yourself moving faster!
You feel mighty!
You feel sick. Edmund completely misses you.
You are too berserk!
You closely miss Edmund.
Edmund is lightly wounded.
You feel sick.
You hit Edmund.
Edmund is lightly wounded.
You feel sick.
You punch Edmund!
Edmund is moderately wounded.
Edmund hits you with a +3 heavy flail!
* * * LOW HITPOINT WARNING * * *
You are too berserk!
You hit Edmund.
Edmund is heavily wounded.
* * * LOW HITPOINT WARNING * * *
You feel sick.
You hit Edmund.
Edmund is heavily wounded.
* * * LOW HITPOINT WARNING * * *
You feel sick.
You are no longer poisoned.
Edmund closely misses you.
An endoplasm comes into view.
The endoplasm quivers.
You hit Edmund.
Edmund is heavily wounded.
You hit Edmund.
Edmund is severely wounded.
Edmund completely misses you.
You hit Edmund.
Edmund is severely wounded.
You closely miss Edmund.
Edmund is severely wounded.
Edmund hits you with a +3 heavy flail!
You die...
Edmund says, "That'll show my brother!"

###..## ##....# #.. ##.###<..##..
##..# #....# ##.# #.# #.####..
#..# ##...## #..###.###.# ##.#
...# ###..#..###...#......###.##
..# ###.....#.........##..##...#
..###...#...#.........###.....##
......####............####....# #
)#...#####.............# #....###
###..###........@@.....#...#.....
#...#...##....†).........###...
###....###....J........... ##..
##..###....##...###...## #..
#.(....#.###.#.# #.#. .#..
....#...#.###...# #....
#....##..#....###...# ....##
#.#..##..#..#.# )#l# #... #
.###.##.......# #. .# ....


You could see Edmund (unable to see you) and an endoplasm.

Vanquished Creatures
  2 scorpions
  A bombardier beetle (D:4)
  2 iguanas (D:4)
  An orc wizard (D:4)
  4 adders
  5 ribbon worms
  9 orcs
  6 bats
  4 endoplasms
  4 giant cockroaches
  5 goblins
  5 hobgoblins
  A jackal (D:4)
  4 kobolds
  3 quokkas
  3 ball pythons
  5 frilled lizards
  2 rats
66 creatures vanquished.

Vanquished Creatures (others)
  427 foxfires
427 creatures vanquished.

Grand Total: 493 creatures vanquished

Notes
Turn   | Place    | Note
-------+----------+-------------------------------------------
     0 | D:1      | Arctor the Deep Elf Fire Elementalist began the quest for
                  | the Orb.
     0 | D:1      | Reached XP level 1. HP: 10/10 MP: 6/6
   417 | D:1      | Reached XP level 2. HP: 15/15 MP: 5/8
   444 | D:1      | Found Hung's Antique Weapon Emporium.
  1289 | D:2      | Reached XP level 3. HP: 19/19 MP: 4/9
  1927 | D:2      | Identified the +1 leather armour "Zaomom" {-Tele Dex+3
                  | Slay+3}
  2166 | D:2      | Learned a level 2 spell: Scorch
  2491 | D:3      | Found a faded altar of an unknown god.
  2498 | D:3      | Noticed a scorpion
  2519 | D:3      | Killed a scorpion
  2520 | D:3      | Reached XP level 4. HP: 7/24 MP: 7/12
  2749 | D:3      | Reached XP level 5. HP: 28/28 MP: 3/13
  2889 | D:3      | You fall into a shaft and drop 1 floor!
  3872 | D:4      | Noticed Edmund
  3875 | D:4      | Reached XP level 6. HP: 14/32 MP: 1/14
  3875 | D:4      | Gained mutation: Your spells are a little harder to cast,
                  | but a little more powerful. [potion of mutation]
  3875 | D:4      | Gained mutation: Your flesh is heat resistant. (rF+)
                  | [potion of mutation]
  3882 | D:4      | HP: 2/48 [Edmund/+3 heavy flail (8)]
  3888 | D:4      | Demolished by Edmund

Illustrated notes

Levels and vault maps discovered:
D:1:      dpeg_arrival_orchard, layout_rooms, serial_shops, shop
D:2:      minmay_alternating_diamond, layout_basic
D:3:      layout_basic, ebering_ecumenical_altar_hall,
          biasface_ghost_orc_armoury
D:4:      layout_layer_cave, minmay_starry_boxes, uniq_edmund

Skill      XL: |  1  2  3  4  5 |
---------------+----------------+-----
Stealth        | 3 4 |  4.4
Dodging        | 3 4 |  4.1
Conjurations   | 2 3 |  3.3
Spellcasting   | 4 |  4.6
Fire Magic     | 4 |  4.6

Action                     |  1- 3 |  4- 6 || total
---------------------------+-------+-------++-------
  Melee: Unarmed           |     2 |     9 ||    11
   Cast: Foxfire           |   150 |   115 ||   265
         Scorch            |     4 |       ||     4
    Use: Potion            |     2 |     4 ||     6
         Scroll            |     1 |       ||     1
 Armour: Robe              |     7 |     5 ||    12
         Skin              |     6 |       ||     6
  Dodge: Dodged            |    11 |    11 ||    22
